 Seeded DCSS version 0.30.1-9-gdf580d7c3d (webtiles) character file.

Game seed: 5 (custom seed)

4199 Kazon the Chopper (level 10, -5/72 (81) HPs)
             Began as a White Draconian Fighter on Oct 16, 2023.
             Was a Priest of Okawaru.
             Slain by a polar bear (20 damage)
             ... on level 8 of the Dungeon on Oct 17, 2023.
             The game lasted 00:34:27 (5297 turns).

Kazon the Chopper (White Draconian Fighter)         Turns: 5297, Time: 00:34:28

HP:   -5/72 (81)    AC: 15    Str: 23    XL:     10   Next: 8%
MP:   0/23          EV: 13    Int:  8    God:    Okawaru [***...]
Gold: 389           SH: 15    Dex: 11    Spells: 9/9 levels left

rFire   . . .        v - +0 hand axe (vamp)
rCold   + . .        c - +0 tower shield
rNeg    . . .        (body armour unavailable)
rPois   +            (helmet restricted)
rElec   .            (no cloak)
rCorr   .            H - +0 pair of gloves
SInv    .            d - +2 pair of boots of Fedhas, Winnowing {+Inv rPois}
Will    .....        C - amulet of guardian spirit
Stlth   ++++         r - ring of magical power
HPRegen 0.32/turn    q - +4 ring of protection
MPRegen 0.18/turn

%: guardian spirit
@: heroic, heavily drained
A: breathe frost, AC +7, unfitting armour, cold resistance 1, cold-blooded
a: Breathe Frost, Renounce Religion, Evoke Invisibility, Heroism


You were on level 8 of the Dungeon.
You worshipped Okawaru.
Okawaru was most pleased with you.
You visited 2 branches of the dungeon, and saw 9 of its levels.
You also visited: Ossuary.

You collected 389 gold pieces.

Inventory:

Hand Weapons
 a - a +0 war axe
 e - a +2 vampiric dagger
 f - a +0 hand axe of flaming
 h - a +0 whip of holy wrath
 v - a +0 vampiric hand axe (weapon)
Missiles
 b - 2 atropa-tipped darts
 i - 9 boomerangs (quivered)
 p - 9 poisoned darts
Armour
 c - a +0 tower shield (worn)
 d - the +2 pair of boots of Fedhas, Winnowing (worn) {+Inv rPois}
   (You acquired it on level 1 of the Dungeon)

   rPois:     It protects you from poison.
   +Inv:      It lets you turn invisible.
 H - a +0 pair of gloves (worn)
Jewellery
 q - a +4 ring of protection (right hand)
 r - a ring of magical power (left hand)
 C - an amulet of guardian spirit (around neck)
 E - a +6 ring of dexterity
Wands
 y - a wand of paralysis (8)
Scrolls
 k - a scroll of teleportation
 l - a scroll of summoning
 m - 2 scrolls of magic mapping {unknown}
 n - 5 scrolls of identify {unknown}
 o - a scroll of blinking {unknown}
 u - a scroll of torment {unknown}
 x - a scroll of fog {unknown}
 z - a scroll of amnesia {unknown}
 F - a scroll of poison {unknown}
 G - a scroll of enchant armour {unknown}
 K - 2 scrolls of fear {unknown}
 N - a scroll of enchant weapon {unknown}
Potions
 g - a potion of resistance {unknown}
 j - 3 potions of curing
 s - 2 potions of berserk rage {unknown}
 t - 2 potions of invisibility {unknown}
 w - 4 potions of heal wounds {unknown}
 A - 4 potions of flight {unknown}
 B - a potion of lignification {unknown}
 D - 4 potions of attraction {unknown}
 I - a potion of magic
 J - a potion of might
 L - a potion of haste {unknown}
 M - 2 potions of brilliance {unknown}


   Skills:
 + Level 5.2(10.2) Fighting
 + Level 2.9(7.9) Short Blades
 + Level 5.9(11.3) Axes
 + Level 3.0(9.9) Maces & Flails
 + Level 4.8(9.8) Throwing
 + Level 5.2(10.2) Dodging
 + Level 4.1(9.1) Stealth
 + Level 4.8(9.8) Shields
 * Level 5.6 Invocations
 * Level 5.2 Evocations


You had 9 spell levels left.
You didn't know any spells.
Your spell library contained the following spells:

 Spells                   Type           Power      Damage    Failure   Level
 Frozen Ramparts          Ice            0%         1d1       99%         3
 Ignite Poison            Fire/Tmut/Pois 0%         N/A       99%         3
 Ice Form                 Ice/Tmut       0%         N/A       100%        4
 Sticky Flame             Conj/Fire      0%         2d3       100%        4
 Eringya's Noxious Bog    Tmut/Pois      0%         N/A       100%        6
 Ignition                 Fire           0%         3d3       100%        8
 Summon Ice Beast         Ice/Summ       Unusable   N/A       N/A         4
 Summon Forest            Summ/Tloc      Unusable   N/A       N/A         5
 Summon Hydra             Summ           Unusable   N/A       N/A         7

Dungeon Overview and Level Annotations

Branches:
Dungeon (8/15)             Temple (1/1) D:4         Ossuary (visited)
   Lair: D:8-11

Altars:
Dithmenos
Fedhas
Gozag
Hepliaklqana
Okawaru
Qazlal
Trog
Uskayaw
Wu Jian
Xom
The Shining One


Innate Abilities, Weirdness & Mutations

You can breathe waves of freezing cold which knock back foes.
Your icy white scales are hard. (AC +7)
You cannot fit into any form of body armour.
Your flesh is cold resistant. (rC+)
You are cold-blooded and may be slowed by cold attacks.


Message History

The polar bear claws you but does no damage.
The polar bear misses you. You block the polar bear's attack. x2
The polar bear misses you.
You hit the polar bear but do no damage.
The polar bear is almost dead.
You block the polar bear's attack. x2; The polar bear closely misses you.
You barely miss the polar bear.
The polar bear is almost dead.
The polar bear closely misses you. You block the polar bear's attack. x2
The polar bear bites you but does no damage.
The polar bear claws you. The polar bear misses you.
You hit the polar bear but do no damage.
You tail-slap the polar bear.
The polar bear is almost dead.
The polar bear bites you!!
* * * LOW HITPOINT WARNING * * *
The polar bear closely misses you.
The polar bear claws you but does no damage.
The polar bear bites you but does no damage.
The polar bear claws you.
* * * LOW HITPOINT WARNING * * *
You block the polar bear's attack.
You gain the combat prowess of a mighty hero.
You block the polar bear's attack.
The polar bear claws you but does no damage.
You block the polar bear's attack. The polar bear barely misses you.
You block the polar bear's attack. The polar bear claws you.
* * * LOW HITPOINT WARNING * * *
You barely miss the polar bear.
The polar bear is almost dead.
The polar bear bites you.
* * * LOW HITPOINT WARNING * * *
You block the polar bear's attack. The polar bear misses you.
You barely miss the polar bear. You tail-slap the polar bear.
The polar bear is almost dead.
You block the polar bear's attack. x2; The polar bear claws you.
* * * LOW HITPOINT WARNING * * *
The polar bear completely misses you. You block the polar bear's attack. x2
You feel better. The polar bear bites you!!
You die...

#..............#...##..
...
#.......)).......#...#.
..
.#..∩...............###
#..............#..8..#
###............#.....##
##.##.#......##.....##
#.# #........##......#
#.# ###.............#..
## ##......@.....##.
#.....#h.....#
###...#.....##
#.#.##..8.....
...#.#.....##.. #.....
.....# # ## #.. ....##
####<#


You could see a polar bear (berserk).

Vanquished Creatures
  A two-headed ogre (D:7)
  Sigmund (D:4)
  Duvessa (D:6)
  A water moccasin (D:6)
  A sky beast (D:7)
  3 black bears
  2 centaurs
  2 ogres
  An elf zombie (Ossuary)
  A kobold brigand (D:7)
  3 scorpions
  15 wights
  4 killer bees (D:7)
  Dowan (D:6)
  A howler monkey (D:6)
  A vampire bat (D:7)
  6 hounds
  A centaur zombie (Ossuary)
  3 human zombies (Ossuary)
  A jelly (D:5)
  3 orc priests (D:6)
  6 iguanas
  6 orc wizards
  4 ogre zombies (Ossuary)
  7 mummies (Ossuary)
  4 gnolls (D:5)
  9 adders
  A white imp (D:7)
  2 ufetubi
  A worm zombie (D:7)
  2 adder zombies (Ossuary)
  3 worms
  15 orcs
  12 bats
  9 endoplasms
  A giant cockroach (D:1)
  12 goblins
  7 hobgoblins
  11 jackals
  10 kobolds
  3 quokkas (D:4)
  6 ball pythons
  3 frilled lizards
  4 goblin zombies (Ossuary)
  6 hobgoblin zombies
  3 kobold zombies
  4 quokka zombies (Ossuary)
  4 rats
  4 rat zombies (Ossuary)
212 creatures vanquished.

Notes
Turn   | Place    | Note
-------+----------+-------------------------------------------
     0 | D:1      | Kazon the Draconian Fighter began the quest for the Orb.
     0 | D:1      | Reached XP level 1. HP: 19/19 MP: 1/1
    57 | D:1      | Identified a scroll of acquirement
    57 | D:1      | Acquired the +2 pair of boots of Fedhas, Winnowing {+Inv
                  | rPois}
    92 | D:1      | Reached XP level 2. HP: 26/26 MP: 2/2
   479 | D:1      | Reached XP level 3. HP: 31/31 MP: 3/3
   977 | D:2      | Reached skill level 1 in Evocations
  1003 | D:2      | Reached XP level 4. HP: 40/40 MP: 4/4
  1020 | D:2      | Reached skill level 1 in Throwing
  1022 | D:2      | Reached skill level 1 in Stealth
  1601 | D:3      | Found a blossoming altar of Fedhas.
  1707 | D:3      | Identified the +2 sling "Qeuhanocyt" {speed, rElec Str-3
                  | Dex+2}
  1724 | D:3      | Found a faded altar of an unknown god.
  1764 | D:3      | Found a stormy altar of Qazlal.
  1923 | D:4      | Found a staircase to the Ecumenical Temple.
  1931 | Temple   | Entered the Ecumenical Temple
  1945 | Temple   | Became a worshipper of Warmaster Okawaru
  1993 | D:4      | Noticed a scorpion
  2007 | D:4      | Killed a scorpion
  2008 | D:4      | Reached XP level 5. HP: 18/46 MP: 5/5
  2094 | D:4      | Noticed a black bear
  2117 | D:4      | Killed a black bear
  2118 | D:4      | Reached skill level 1 in Invocations
  2118 | D:4      | Reached XP level 6. HP: 18/52 MP: 7/7
  2124 | D:4      | Found a hazy altar of Hepliaklqana.
  2129 | D:4      | Found a shadowy altar of Dithmenos.
  2129 | D:4      | Noticed a shadow
  2209 | D:4      | Noticed Sigmund
  2229 | D:4      | Killed Sigmund
  2229 | D:4      | Reached * piety under Okawaru
  2230 | D:4      | Reached skill level 1 in Short Blades
  2600 | D:4      | Your scales start taking on an icy white colour.
  2600 | D:4      | Reached XP level 7. HP: 32/59 MP: 8/8
  2600 | D:4      | Gained mutation: Your flesh is cold resistant. (rC+) [White
                  | Draconian growth]
  2783 | D:5      | Entered Level 5 of the Dungeon
  3082 | D:5      | Reached ** piety under Okawaru
  3109 | D:5      | You fall into a shaft and drop 1 floor!
  3221 | D:6      | Found a shimmering altar of Xom.
  3229 | D:6      | Reached XP level 8. HP: 67/67 MP: 10/10
  3754 | D:6      | Noticed Dowan
  3755 | D:6      | Noticed Duvessa
  3780 | D:6      | Killed Duvessa
  3790 | D:6      | Killed Dowan
  3985 | D:7      | Found a sand-covered staircase.
  4030 | D:7      | Reached skill level 5 in Axes
  4061 | Ossuary  | Entered an ossuary
  4101 | Ossuary  | Reached *** piety under Okawaru
  4185 | Ossuary  | Reached XP level 9. HP: 73/73 MP: 12/12
  4314 | Ossuary  | Reached skill level 1 in Maces & Flails
  4985 | D:7      | Noticed a two-headed ogre
  5018 | D:7      | Reached skill level 5 in Fighting
  5031 | D:7      | Reached skill level 5 in Dodging
  5068 | D:7      | Killed a two-headed ogre
  5069 | D:7      | Reached skill level 5 in Invocations
  5069 | D:7      | Reached skill level 5 in Evocations
  5097 | D:7      | Reached **** piety under Okawaru
  5097 | D:7      | Received a gift from Okawaru
  5098 | D:7      | Reached XP level 10. HP: 75/81 MP: 14/14
  5297 | D:8      | Slain by a polar bear

Illustrated notes

Levels and vault maps discovered:
D:1:      ebering_trefoil_3fold, layout_basic, st_stairs_14, serial_bayou_ford_a
D:2:      layout_basic, hangedman_decor_growths, minmay_close_crescents
D:3:      layout_rooms, mainiacjoe_overflow_concentric_impassable,
          mainiacjoe_overflow_paths, shapermc_ecumenical_altar_acropolis,
          chequers_serial_rivers_micro_b
D:4:      layout_basic, riverfiend_overflow_shadow_ancestor,
          minmay_temple_entry_glass, uniq_sigmund
D:5:      layout_gridville
D:6:      layout_basic, xom_teletrap_fun, uniq_duvessa
D:7:      layout_loops_ring, enter_ossuary_3, roderic_batcave
D:8:      layout_layer_cave, minmay_lair_entry_grove, serial_shops,
          nicolae_lakefront_shop, serial_ice, serial_ice_o, serial_ice_d,
          serial_ice_k, serial_ice_a
Temple:   nicolae_temple_elliptical

Skill      XL: |  1  2  3  4  5  6  7  8  9 |
---------------+----------------------------+-----
Dodging        | 3 4 5 |  5.2
Evocations     | 1 2 3 5 |  5.2
Throwing       | 1 2 4 |  4.8
Stealth        | 1 2 3 4 |  4.1
Axes           | 3 4 5 |  5.9
Fighting       | 4 5 |  5.2
Invocations    | 1 2 3 4 5 |  5.6
Short Blades   | 1 2 |  2.9
Shields        | 4 |  4.8
Maces & Flails | 3 |  3.0

Action                     |  1- 3 |  4- 6 |  7- 9 | 10-12 || total
---------------------------+-------+-------+-------+-------++-------
  Melee: War axe           |   150 |   117 |     7 |       ||   274
         Tailslap          |     7 |    28 |   100 |    21 ||   156
         Dagger            |       |    32 |    35 |       ||    67
         Hand axe          |       |       |   224 |    34 ||   258
         Whip              |       |       |   182 |    36 ||   218
  Throw: Stone             |       |    10 |    37 |       ||    47
         Dart              |       |     4 |     9 |       ||    13
         Boomerang         |       |       |    54 |     5 ||    59
 Invoke: Heroism           |       |       |     5 |     2 ||     7
Ability: Breathe Frost     |       |       |    31 |     3 ||    34
    Use: Scroll            |     2 |       |     2 |       ||     4
         Potion            |     1 |       |       |     1 ||     2
   Stab: Sleeping          |     1 |     3 |    13 |       ||    17
         Distracted        |       |       |     1 |       ||     1
 Armour: Skin              |    62 |    66 |    91 |    43 ||   262
  Dodge: Dodged            |   105 |    96 |   232 |    55 ||   488
  Block: Buckler           |    26 |    46 |    92 |       ||   164
         Tower shield      |       |       |    30 |    76 ||   106
